Map: Cerulean Fall LE

Players

Breaker - Winner!

  • Race: Protoss Protoss
  • League: Gold
  • Spawn Location: 1:00

LPP

  • Race: Terran Terran
  • League: Gold
  • Spawn Location: 7:00

VOD

Have the link to the VOD?

Description

Time

  • Played on: Aug. 15, 2018, 8:02 p.m.
  • Length: 19:55
Show
View Real Time Build Order
Export as new Build Order

Breaker Protoss - Winner!

Build Orders: 1 Gate Expand 

Get SALT Encoding   

  12  0:01  Probe  
  13  0:13  Probe  
  14  0:21  Pylon  
  14  0:25  Probe  
  15  0:39  Probe  
  15  0:40  Gateway  
  16  0:50  Assimilator  
  16  0:51  Probe  
  17  1:03  Probe  
  18  1:15  Probe  
  19  1:34  Probe  
  20  1:40  Nexus  
  20  1:44  Pylon  
  20  1:56  Probe  
  20  1:59  Cybernetics Core  
  21  2:01  Pylon  
  21  2:12  Assimilator  
  21  2:31  Probe  
  21  2:34  Stalker  
  24  2:46  Warp Gate  
  24  2:52  Probe x2, Gateway  
  24  2:54  Gateway  
  26  3:00  Probe x2  
  28  3:08  Probe  
  28  3:09  Probe  
  29  3:13  Stalker  
  29  3:19  Probe  
  32  3:24  Probe  
  34  3:31  Probe  
  35  3:36  Probe  
  36  3:42  Stalker  
  36  3:43  Stalker x2  
  42  3:51  Twilight Council  
  42  3:53  Probe x2  
  44  4:05  Probe x2  
  44  4:08  Pylon  
  44  4:09  Charge  
  46  4:20  Zealot  
  46  4:21  Zealot x2  
  52  4:33  Gateway  
  52  4:34  Probe  
  52  4:35  Probe  
  54  4:38  Pylon  
  54  4:41  Gateway  
  54  4:47  Probe x2  
  54  4:51  Assimilator  
  56  4:54  Assimilator  
  56  4:57  Zealot x2  
  56  4:59  Probe x2  
  64  5:00  Zealot  
  64  5:13  Shield Battery  
  64  5:14  Probe  
  64  5:15  Probe  
  66  5:31  Robotics Facility  
  66  5:37  Templar Archives  
  66  5:43  Blink  
  66  5:44  Probe x2, Pylon  
  66  5:47  Zealot  
  70  6:00  Psionic Storm, Pylon  
  70  6:02  Probe x2  
  72  6:05  Zealot x3  
  78  6:13  Warp Prism  
  80  6:37  Pylon x2  
  80  6:38  Pylon  
  80  6:42  Pylon  
  80  6:46  High Templar x3  
  86  6:55  Observer, High Templar  
  89  7:32  Probe x2  
  89  7:35  Nexus  
  89  7:36  Pylon  
  91  7:37  Zealot x3  
  91  7:38  Zealot x2  
  91  7:39  Pylon  
  101  7:44  Gateway  
  101  7:46  Gateway  
  101  7:48  Gateway  
  101  7:54  Gateway  
  101  7:59  Stalker x4  
  101  8:00  Stalker  
  111  8:10  Forge  
  111  8:11  Forge  
  111  8:47  High Templar  
  111  8:48  High Templar x4  
  121  9:32  Assimilator  
  121  9:35  Assimilator  
  121  9:42  Protoss Ground Weapons Level 1, Protoss Ground Armor Level 1  
  121  9:45  Observer  
  122  10:12  Probe x3  
  125  10:32  Zealot x2  
  125  10:33  Zealot x5  
  125  10:34  Zealot x2  
  140  11:53  Zealot x3  
  140  11:54  Zealot  
  148  12:04  Pylon  
  148  12:06  Pylon  
  148  12:07  Pylon x2  
  148  12:09  Pylon  
  148  12:11  Pylon  
  86  12:53  Zealot x4  
  86  12:54  Zealot x5  
  72  13:07  Protoss Ground Weapons Level 2, Protoss Ground Armor Level 2  
  70  13:20  Protoss Air Weapons Level 1  
  70  13:25  Stargate  
  70  13:26  Stargate  
  70  13:48  Nexus  
  70  13:57  Nexus  
  70  13:58  High Templar x3  
  70  13:59  High Templar x5  
  70  14:00  High Templar  
  88  14:04  Archon x3  
  88  14:05  Archon  
  88  14:24  Fleet Beacon  
  88  14:42  Pylon  
  88  14:53  Stalker  
  88  14:54  Stalker x3  
  88  14:55  Stalker x3  
  88  14:56  Stalker x2  
  106  15:05  Carrier x2  
  106  15:10  Gateway  
  106  15:12  Gateway  
  106  15:14  Gateway  
  106  15:19  Graviton Catapult  
  106  15:20  Gateway  
  118  15:21  Gateway  
  118  15:38  Probe  
  118  15:39  Probe x3  
  118  15:40  Probe  
  123  15:50  Assimilator  
  123  15:54  Assimilator  
  123  16:00  Zealot x2  
  123  16:01  Zealot x7  
  141  16:18  Carrier x2  
  148  16:39  Pylon  
  148  16:42  Pylon  
  148  16:46  Stalker  
  148  16:47  Stalker x6  
  152  16:48  Stalker x4  
  152  16:49  Stalker x3  
  173  17:44  Carrier x2  
  185  18:05  Probe x3  
  188  18:06  Probe  
  125  19:24  Stalker x3  
  125  19:25  Stalker x6  
  125  19:26  Stalker x3  
  125  19:27  Stalker x2  
Show
View Real Time Build Order
Export as new Build Order

LPP Terran 

Build Orders: MMM Bio 

Get SALT Encoding   

  12  0:01  SCV  
  13  0:13  Supply Depot  
  13  0:18  SCV  
  14  0:30  SCV  
  15  0:36  Barracks  
  15  0:42  SCV  
  16  0:54  SCV  
  17  1:06  SCV  
  18  1:18  SCV  
  18  1:19  Refinery  
  18  1:24  Marine  
  20  1:31  Command Center  
  20  1:56  Marine  
  20  1:58  SCV  
  20  2:00  Supply Depot  
  22  2:05  Refinery  
  22  2:10  SCV  
  23  2:21  Barracks  
  23  2:22  SCV  
  24  2:34  SCV  
  24  2:35  Marine  
  26  2:42  Factory  
  26  2:44  SCV  
  27  2:46  SCV  
  28  2:55  Reaper  
  29  2:58  SCV  
  30  3:05  Engineering Bay  
  30  3:10  SCV  
  30  3:11  Barracks Reactor  
  31  3:14  Barracks  
  31  3:19  SCV  
  32  3:25  SCV  
  33  3:31  SCV, Factory Tech Lab  
  34  3:35  Supply Depot, Reaper  
  35  3:43  Starport  
  35  3:47  Marine  
  36  3:48  Marine  
  36  3:54  Siege Tank  
  40  3:56  SCV  
  40  4:00  SCV  
  42  4:05  Terran Infantry Weapons Level 1  
  42  4:08  SCV  
  43  4:12  Barracks Tech Lab  
  43  4:20  Orbital Command  
  43  4:22  Refinery  
  43  4:23  SCV  
  44  4:26  Marine  
  44  4:28  Marine  
  44  4:29  Marine  
  47  4:31  Marine  
  47  4:37  SCV  
  49  4:42  Starport Tech Lab  
  49  4:46  Starport  
  49  4:49  SCV  
  49  4:50  SCV  
  51  4:55  Siege Tank  
  54  5:07  Supply Depot  
  54  5:12  Supply Depot  
  54  5:14  Orbital Command  
  54  5:19  High Capacity Fuel Tanks  
  54  5:28  Refinery  
  54  5:29  Stimpack, Marine x4  
  54  5:33  Starport Reactor  
  58  5:38  SCV  
  58  5:40  SCV  
  60  5:49  Supply Depot  
  60  5:52  Missile Turret, SCV  
  60  5:53  Siege Tank  
  64  6:02  SCV  
  65  6:04  SCV  
  65  6:05  Medivac  
  65  6:06  Marine x2  
  65  6:11  Marine x2  
  72  6:14  SCV  
  72  6:15  Supply Depot  
  72  6:16  Supply Depot, SCV  
  74  6:21  Medivac  
  74  6:24  Marine x2, Medivac  
  80  6:28  SCV  
  81  6:34  SCV  
  81  6:35  Siege Tank  
  85  6:40  Medivac  
  85  6:44  Missile Turret  
  85  6:46  Marine x3  
  85  6:47  Marine  
  91  6:55  Armory  
  91  6:58  Medivac  
  93  7:04  Marine x4  
  97  7:22  Marine, Viking x2  
  102  7:30  Combat Shield  
  102  7:37  Marine x3  
  102  7:39  Supply Depot  
  102  7:40  Marine  
  102  7:42  Supply Depot  
  106  7:48  Terran Infantry Armor Level 1  
  106  7:55  Marine x3  
  106  7:57  Marine  
  110  8:04  Supply Depot  
  110  8:05  Supply Depot  
  110  8:06  Corvid Reactor  
  110  8:08  Siege Tank  
  110  8:11  Terran Vehicle And Ship Armor Level 1  
  104  8:13  Marine  
  105  8:28  Command Center  
  105  8:31  Marine x4  
  109  8:38  Medivac  
  75  8:48  Medivac x2  
  111  8:49  Marine x4  
  119  9:01  Missile Turret  
  119  9:04  Supply Depot  
  119  9:25  Command Center  
  119  9:26  Command Center  
  119  9:42  Terran Infantry Weapons Level 2, Marine x3  
  119  9:43  Marine  
  123  9:56  Orbital Command  
  123  9:57  SCV x2  
  125  10:00  Marine x4  
  129  10:09  SCV x2  
  129  10:11  Refinery  
  129  10:12  Refinery  
  131  10:16  Supply Depot  
  131  10:18  Marine x4  
  135  10:21  SCV x2  
  135  10:22  Terran Vehicle Weapons Level 1  
  137  10:32  Siege Tank  
  137  10:33  SCV  
  137  10:34  Raven  
  143  10:35  Marine  
  143  10:36  Marine x2  
  143  10:41  Supply Depot, Viking  
  148  10:45  Viking  
  147  11:11  Viking  
  147  11:15  Viking  
  147  11:17  Raven  
  151  11:33  Starport  
  151  11:52  Marine x4  
  155  11:58  Terran Infantry Armor Level 2  
  155  12:00  Raven  
  157  12:04  Viking x2  
  161  12:09  Marine  
  161  12:10  Orbital Command x2, Marine x3  
  164  12:16  Terran Ship Weapons Level 1  
  144  12:27  Marine x3  
  144  12:28  Marine  
  144  12:29  Starport Tech Lab  
  127  12:34  Viking x2  
  99  12:45  Marine x3  
  97  13:03  Marine x2  
  98  13:10  Marine  
  99  13:19  Command Center  
  99  13:21  Marine x2  
  99  13:23  Orbital Command  
  101  13:27  Starport  
  101  13:28  Marine  
  102  13:38  Marine  
  102  13:39  Marine  
  104  13:42  SCV  
  104  13:46  Marine  
  106  13:50  Medivac  
  106  13:51  Medivac x2  
  106  13:54  SCV  
  113  13:56  Marine x2  
  113  14:01  Orbital Command  
  113  14:02  Thor  
  115  14:03  Marine  
  115  14:06  SCV  
  115  14:08  SCV  
  124  14:10  Terran Vehicle And Ship Armor Level 2  
  124  14:14  Terran Infantry Weapons Level 3, Marine x2  
  126  14:18  SCV  
  126  14:20  Viking  
  126  14:21  SCV, Marine, Viking  
  133  14:25  Refinery  
  133  14:30  SCV x4  
  133  14:31  Refinery  
  137  14:32  Marine x2  
  137  14:33  SCV  
  137  14:37  Orbital Command  
  140  14:39  Marine  
  140  14:42  SCV x3  
  140  14:43  SCV  
  140  14:45  SCV  
  146  14:50  Marine  
  146  14:51  Marine  
  148  14:54  SCV  
  148  14:55  Raven  
  148  14:57  SCV, Marine, Viking x2  
  157  15:01  SCV  
  158  15:07  SCV, Marine  
  158  15:09  SCV, Marine  
  158  15:13  SCV  
  163  15:15  Starport Tech Lab, Marine  
  163  15:19  SCV  
  165  15:21  SCV  
  165  15:25  SCV, Marine  
  165  15:27  Marine, Viking  
  171  15:32  SCV, Marine  
  171  15:33  SCV  
  174  15:38  Raven, SCV  
  177  15:43  Marine  
  177  15:45  SCV, Marine  
  180  15:50  SCV, Marine  
  182  16:01  Marine  
  182  16:03  Marine  
  184  16:08  Marine  
  185  17:09  SCV  
  185  17:10  Marine x3  
  189  17:21  SCV  
  190  17:28  Marine x3  
  173  17:33  SCV  
  164  17:41  Barracks  
  164  17:42  Barracks  
  164  17:43  Barracks  
  164  17:44  Liberator x2  
  141  17:45  SCV  
  141  17:46  Marine x3  
  138  17:57  Raven  
  138  17:58  Raven x2, SCV  
  143  18:04  Marine x3  
  154  18:10  Refinery  
  154  18:13  Refinery  
  154  18:20  Refinery  
  154  18:21  SCV, Marine  
  154  18:22  Refinery, Marine x2  
  154  18:24  Liberator  
  154  18:27  Liberator  
  158  18:31  Marine x2  
  158  18:33  SCV  
  161  18:34  Barracks Reactor  
  161  18:36  Barracks Reactor  
  161  18:39  Marine x2  
  161  18:40  Raven x2, Marine  
  165  18:45  SCV  
  124  18:57  Marine  
  124  18:58  SCV  
  85  19:10  SCV  
  85  19:16  Marine x4  
  85  19:17  Marine  
  73  19:34  Marine x2  
  73  19:36  Marine  
Tags
 
Composition
MMM Bio
League
GoldGold
Matchup
PvT
Spawn Locations
Cross Positions
Add a new tag
Caveats
  • Supply blocks, unpowered buildings, or Contaminate may cause inaccurate times.
  • Supply counts are checked every 10 seconds.